 Dungeon Crawl Stone Soup version 0.31-a0-237-g2d982f9f85 (webtiles) character file.

Game seed: 12696612001956702393

67 qw the Shooter (level 4, -9/26 HPs)
             Began as a Gargoyle Hexslinger on July 10, 2023.
             Mangled by an ogre
             ... wielding a +0 giant spiked club
              (14 damage)
             ... on level 2 of the Dungeon.
             The game lasted 00:00:34 (1006 turns).

qw the Shooter (Gargoyle Hexslinger)                Turns: 1006, Time: 00:00:35

Health: -9/26      AC:  6    Str: 11    XL:     4   Next: 18%
Magic:  5/5        EV: 11    Int: 14    God:
Gold:   113        SH:  0    Dex: 14    Spells: 4/5 levels left

rFire   . . .        Y - +1 sling
rCold   . . .        (no shield)
rNeg    + . .        g - +0 leather armour
rPois   inf          (no helmet)
rElec   +            (no cloak)
rCorr   .            (no gloves)
SInv    .            (no boots)
Will    .....        (no amulet)
Stlth   +            (no ring)
HPRegen 0.24/turn    (no ring)
MPRegen 0.09/turn

%: no passive effects
@: no status effects
A: sickness immunity, AC +3, negative energy resistance 1, electricity
resistance, torment resistance 1, petrification resistance
a: no special abilities


You were on level 2 of the Dungeon.
You visited 1 branch of the dungeon, and saw 2 of its levels.

You collected 113 gold pieces.


Innate Abilities, Weirdness & Mutations

You are immune to sickness and miasma.
Your stone body is resilient. (AC +3)
You are immune to poison.
You resist negative energy. (rN+)
You are resistant to electric shocks. (rElec)
You are resistant to unholy torment.
You are immune to petrification.


   Skills:
 - Level 2.0 Fighting
 + Level 4.0 Ranged Weapons
 - Level 1.5 Dodging
 - Level 1.0 Spellcasting
 - Level 2.6 Hexes


You had 4 spell levels left.
You knew the following spells:

 Your Spells              Type           Power      Damage    Failure   Level
a - Slow                  Hex            32%        N/A       12%         1

Your spell library contained the following spells:

 Spells                   Type           Power      Damage    Failure   Level
 Inner Flame              Hex/Fire       4%         N/A       52%         3
 Portal Projectile        Hex/Tloc       8%         N/A       52%         3
 Cause Fear               Hex            4%         N/A       75%         4

Inventory:

Hand Weapons
 Y - a +1 sling (weapon)
Armour
 g - a +0 leather armour (worn)
Scrolls
 f - 2 scrolls of identify
Potions
 a - 2 potions of attraction {unknown}
 b - a potion of brilliance {unknown}
 e - a potion of cancellation {unknown}
 h - 2 potions of curing {unknown}

Dungeon Overview and Level Annotations

Branches:
Dungeon (2/15)

Altars:
Vehumet

Shops:
D:1 (   D:2 =


Message History

Enter note:
Found a barding.
Enter note:
Enter note:
Enter note:
Enter note:
Found a book of Blood.
Enter note:
Enter note:
Enter note:
Enter note: An ogre comes into view. It is wielding a +0 giant spiked club.
Enter note:
Enter note:
Enter note:
Enter note: You shoot a sling bullet.
The sling bullet hits the ogre.
The ogre is lightly wounded.
You shoot a sling bullet. The sling bullet hits the ogre!
The ogre is moderately wounded.
You shoot a sling bullet. The sling bullet hits the ogre.
The ogre is heavily wounded.
You shoot a sling bullet.
The sling bullet hits the ogre but does no damage.
The ogre is heavily wounded.
You shoot a sling bullet. The sling bullet hits the ogre.
The ogre is heavily wounded.
You shoot a sling bullet.
The sling bullet hits the ogre but does no damage.
The ogre is heavily wounded.
The ogre hits you with a +0 giant spiked club!!
Ouch! That really hurt!
You shoot a sling bullet. The sling bullet hits the ogre.
The ogre is severely wounded.
The ogre barely misses you.
You shoot a sling bullet. The sling bullet hits the ogre.
The ogre is almost dead.
The ogre hits you with a +0 giant spiked club!
Ouch! That really hurt!
You die...

.8..#.#........#
......#........#
.8.............#
.._.....#......#
.....8##.....##########
....####.##.####......#
.8..# #.##.........[.#
##### ##.######....<..#
....# #.@.....# # ##.#
### #.O.....# ##...#
#.......# ...#
##:.....# .### ....####
## ....# # ....#
#..............#
#.........


You could see an ogre.

Vanquished Creatures
  A gnoll (D:1)
  An adder (D:2)
  A worm (D:2)
  7 endoplasms (D:1)
  3 giant cockroaches (D:1)
  2 goblins (D:1)
  3 hobgoblins
  5 kobolds (D:1)
  4 quokkas
  5 ball pythons
  5 bats
  A frilled lizard (D:1)
  6 rats
44 creatures vanquished.

Notes
Turn   | Place    | Note
-------+----------+-------------------------------------------
     0 | D:1      | qw the Gargoyle Hexslinger began the quest for the Orb.
     0 | D:1      | Reached XP level 1. HP: 12/12 MP: 2/2
     0 | D:1      | 0 ||| qw: Version: 0.3-a-52-g30416fa
     0 | D:1      | 0 ||| qw: Game counter: 5378
     0 | D:1      | 0 ||| qw: Melee chars always use a shield: true
     0 | D:1      | 0 ||| qw: God list: Okawaru
     0 | D:1      | 0 ||| qw: Allow faded altars: false
     0 | D:1      | 0 ||| qw: Do Orc after clearing Dungeon:15 true
     0 | D:1      | 0 ||| qw: Do second Lair branch before Depths: true
     0 | D:1      | 0 ||| qw: Lair rune preference: random
     0 | D:1      | 0 ||| qw: Goals: Normal
     0 | D:1      | 0 ||| PLANNING D:1-11
    44 | D:1      | Reached skill level 3 in Ranged Weapons
    44 | D:1      | Reached XP level 2. HP: 16/16 MP: 3/3
   179 | D:1      | Reached XP level 3. HP: 19/21 MP: 4/4
   227 | D:1      | Found Voyn's Weapon Shoppe.
   246 | D:1      | 246 ||| SHOPLISTING +0 arbalest (58 gold, have 41).
   246 | D:1      | 246 ||| SHOPLISTING +1 arbalest of freezing (196 gold, have
                  | 41).
   246 | D:1      | 246 ||| SHOPLISTING +2 antimagic shortbow (273 gold, have
                  | 41).
   246 | D:1      | 246 ||| SHOPLISTING +4 orcbow "Jyenkeu" {freeze, Contam
                  | rCorr SInv} (487 gold, have 41).
   761 | D:1      | 761 ||| UPGRADING to +0 leather armour.
   771 | D:1      | 771 ||| DROPPING +0 robe.
   772 | D:1      | 772 ||| READING scroll labelled EQAWKO JAF.
   773 | D:1      | 773 ||| READING 2 scrolls labelled DUTTEM NOWEDIV.
   774 | D:1      | 774 ||| DROPPING scroll of poison.
   880 | D:2      | Reached XP level 4. HP: 26/26 MP: 5/5
   906 | D:2      | Found Deonwano's Jewellery Shop.
   910 | D:2      | 910 ||| SHOPLISTING +5 ring of evasion (432 gold, have 77).
   910 | D:2      | 910 ||| SHOPLISTING ring "Weuw Wiz" {rC+ rCorr Str+3} (483
                  | gold, have 77).
   910 | D:2      | 910 ||| SHOPLISTING ring of fire (300 gold, have 77).
   910 | D:2      | 910 ||| SHOPLISTING ring of positive energy (240 gold, have
                  | 77).
   910 | D:2      | 910 ||| SHOPLISTING ring of protection from fire (300 gold,
                  | have 77).
   910 | D:2      | 910 ||| SHOPLISTING ring of resist corrosion (240 gold,
                  | have 77).
   938 | D:2      | Reached skill level 4 in Ranged Weapons
   942 | D:2      | Found a faded altar of an unknown god.
   956 | D:2      | Found a radiant altar of Vehumet.
   998 | D:2      | Noticed an ogre
  1004 | D:2      | HP: 5/26 [ogre/+0 giant spiked club (21)]
  1006 | D:2      | Mangled by an ogre

Levels and vault maps discovered:
D:1:      dpeg_arrival_shelter, layout_basic, serial_shops, shop,
          minmay_close_crescents
D:2:      layout_basic, serial_shops, nicolae_shop_back_alley_shop, basic_altar,
          ebering_ecumenical_altar_ruins, chequers_serial_rivers_micro_c

Skill      XL: |  1  2  3  4 |
---------------+-------------+-----
Ranged Weapons | 3 4 |  4.0
Fighting       | 2 |  2.0
Dodging        | |  1.5
Spellcasting   | |  1.0
Hexes          | |  2.6

Action                     |  1- 3 |  4- 6 || total
---------------------------+-------+-------++-------
   Fire: Sling             |   132 |    22 ||   154
    Use: Scroll            |     2 |       ||     2
 Armour: Robe              |     8 |       ||     8
         Leather armour    |     6 |     3 ||     9
  Dodge: Dodged            |    39 |     2 ||    41

Table legend:
 A = Non-vault XP
 B = Vault XP
 C = Vault XP percentage of total XP
 D = Non-vault monster count
 E = Vault monster count
 F = Vault count percentage of total count
                 A         B        C        D         E       F
            +---------+---------+-------+---------+---------+-------
      Total |      87 |      10 |  10.3 |      37 |       7 |  15.9
            +---------+---------+-------+---------+---------+-------
        D:1 |      57 |      10 |  14.9 |      27 |       7 |  20.6
        D:2 |      30 |       0 |   0.0 |      10 |       0 |   0.0
            +---------+---------+-------+---------+---------+-------
